 Dungeon Crawl Stone Soup version 0.31-a0-408-gb642c7f9a3 (webtiles) character file.

Game seed: 7215614982526710510

2424 Newt the Changeling (level 9, -5/74 HPs)
             Began as a Yellow Draconian Shapeshifter on July 29, 2023.
             Was an Initiate of the Shining One.
             Slain by a yak (8 damage)
             ... on level 6 of the Dungeon.
             The game lasted 00:07:18 (5203 turns).

Newt the Changeling (Yellow Draconian Shapeshifter) Turns: 5203, Time: 00:07:19

Health: -5/74      AC:  7    Str: 22    XL:     9   Next: 24%
Magic:  0/14       EV: 13    Int:  9    God:    the Shining One [......]
Gold:   235        SH:  0    Dex: 11    Spells: 13/15 levels left

rFire   . . .        n - +2 spear (venom)
rCold   . . .        (no shield)
rNeg    . . .        (body armour unavailable)
rPois   .            (helmet currently unavailable)
rElec   .            (cloak currently unavailable)
rCorr   +            (gloves currently unavailable)
SInv    .            (boots currently unavailable)
Will    .....        f - amulet of guardian spirit
Stlth   +            (no ring)
HPRegen 0.32/turn    (no ring)
MPRegen 0.14/turn

%: guardian spirit
@: beast-form, wereblooded (expiring), glowing
A: beast (slay +4), spit acid, AC +7, unfitting armour, cold-blooded, acid
resistance
a: Breathe Acid, Begin Untransformation, Renounce Religion


You were on level 6 of the Dungeon.
You worshipped the Shining One.
The Shining One was noncommittal.
You were a hulking beast.
You visited 2 branches of the dungeon, and saw 7 of its levels.

You collected 256 gold pieces.
You spent 21 gold pieces at shops.

Inventory:

Hand Weapons
 h - a +1 spear of freezing
 n - a +2 spear of venom (weapon)
Missiles
 l - 5 poisoned darts
Armour
 g - a +1 cloak
 i - a scarf of invisibility
Jewellery
 f - an amulet of guardian spirit (around neck)
 k - a ring of ice
 r - an amulet of magic regeneration
Talismans
 b - a beast talisman
Wands
 a - a wand of flame (25)
Scrolls
 d - a scroll of vulnerability
 o - a scroll of enchant armour
Potions
 c - a potion of degeneration
 e - a potion of brilliance
 m - a potion of curing
 p - a potion of resistance
 q - 2 potions of enlightenment


   Skills:
 - Level 5.0 Fighting
 - Level 4.0 Polearms
 - Level 5.0 Dodging
 - Level 3.0 Unarmed Combat
 - Level 3.5 Spellcasting
 - Level 5.7 Transmutations
 + Level 6.0 Shapeshifting


You had 13 spell levels left.
You knew the following spells:

 Your Spells              Type           Power      Damage    Failure   Level
a - Wereblood             Tmut           11%        N/A       4%          2

Your spell library contained the following spells:

 Spells                   Type           Power      Damage    Failure   Level
 Freeze                   Ice            4%         1d3       28%         1
 Ignite Poison            Fire/Tmut/Pois 5%         N/A       36%         3
 Cigotuvi's Dreadful Rot  Necr/Pois/Air  2%         N/A       41%         2
 Frozen Ramparts          Ice            2%         1d1       65%         3
 Hailstorm                Conj/Ice       1%         3d3       65%         3
 Irradiate                Conj/Tmut      3%         3d12      94%         5
 Freezing Cloud           Conj/Ice/Air   0%         6-21      100%        5


Dungeon Overview and Level Annotations

Branches:
Dungeon (6/15)             Temple (1/1) D:4

Altars:
Cheibriados
Dithmenos
Elyvilon
Fedhas
Gozag
Hepliaklqana
Kikubaaqudgha
Makhleb
Nemelex Xobeh
Okawaru
Qazlal
Ru
Sif Muna
Trog
Uskayaw
Wu Jian
Xom
Yredelemnul
Zin
The Shining One

Shops:
D:5 *

Annotations:
Temple 2 transporters


Innate Abilities, Weirdness & Mutations

You are a hulking beast.
Your limbs bulge with bestial killing power. (Slay +4)
You can spit globs of acid.
Your golden yellow scales are hard. (AC +7)
You cannot fit into any form of body armour.
You are cold-blooded and may be slowed by cold attacks.
You are resistant to acid. (rCorr)


Message History

You hit the yak but do no damage.
The yak is poisoned.
Unknown command.
You puncture the yak!
The yak looks as sick as possible!
The yak is moderately wounded.
The yak completely misses you.
You puncture the yak!
The yak looks as sick as possible!
The yak is heavily wounded.
The yak gores you.
You puncture the yak!
The yak looks as sick as possible!
The yak is almost dead.
The yak barely misses you. The orc completely misses you.
You puncture the yak!
You feel a bit better.
You kill the yak!
The orc barely misses you.
Your Shapeshifting skill increases to level 6!
You hit the yak but do no damage.
The yak is poisoned.
You tail-slap the yak, but do no damage.
You howl as the wereblood boils in your veins!
Your primal bloodlust is almost over.
The orc misses you. The yak barely misses you.
You hit the yak.
The yak is lightly wounded.
The orc hits you from afar with a +0 trident.
The yak gores you!
* * * LOW HITPOINT WARNING * * *
You puncture the yak! You tail-slap the yak!
The yak is severely wounded.
You have got your breath back.
The orc completely misses you. The yak closely misses you.
You hit the yak but do no damage.
The yak looks as sick as possible!
The yak is severely wounded.
The orc closely misses you. The yak gores you!
* * * LOW HITPOINT WARNING * * *
Unknown command.
You barely miss the yak. You tail-slap the yak!
The yak is almost dead.
The orc closely misses you. The yak misses you.
Unknown command.
The yak attacks as you move away! The yak gores you!
You die...

#...............##
##
#................#
#
#...............#
#........<.....#
#.............#
#............##
##..##.......#
#..###########
######## ##h##
##......###Y##
.........#o)#
.........))## #
........#)## #
.......!.## #
.........# #
........## #
.......## #


You could see a yak (extremely poisoned) and an orc.

Vanquished Creatures
  Prince Ribbit (D:5)
  8 yaks
  Eustachio (D:4)
  Edmund (D:4)
  Pargi (D:4)
  A black bear (D:4)
  An ogre (D:4)
  A scorpion (D:6)
  A hound (D:5)
  An orc priest (D:4)
  Crazy Yiuf (D:2)
  A sleepcap (D:4)
  5 orc wizards
  2 iguanas
  Terence (D:2)
  5 adders
  3 river rats (D:4)
  A white imp (D:5)
  An ufetubus (D:5)
  A worm (D:2)
  9 orcs
  6 ball pythons
  6 endoplasms
  9 giant cockroaches
  5 goblins
  6 hobgoblins
  6 jackals
  6 quokkas
  6 bats
  5 frilled lizards
  5 kobolds
  12 rats
119 creatures vanquished.

Notes
Turn   | Place    | Note
-------+----------+-------------------------------------------
     0 | D:1      | Newt the Draconian Shapeshifter began the quest for the
                  | Orb.
     0 | D:1      | Reached XP level 1. HP: 16/16 MP: 1/1
   134 | D:1      | Reached XP level 2. HP: 25/25 MP: 2/2
   144 | D:1      | Found a faded altar of an unknown god.
   417 | D:1      | Reached XP level 3. HP: 31/31 MP: 3/3
  1036 | D:2      | Reached XP level 4. HP: 37/38 MP: 4/4
  1055 | D:2      | Found a white marble altar of Elyvilon.
  1115 | D:2      | Reached skill level 4 in Shapeshifting
  1626 | D:2      | Noticed Terence
  1633 | D:2      | Killed Terence
  1634 | D:2      | Reached XP level 5. HP: 43/45 MP: 3/5
  1685 | D:2      | Found a runed translucent door.
  1686 | D:2      | Noticed Crazy Yiuf
  1951 | D:2      | Killed Crazy Yiuf
  2162 | D:3      | Reached skill level 5 in Shapeshifting
  2165 | D:3      | Learned a level 2 spell: Wereblood
  2801 | D:4      | Reached skill level 1 in Transmutations
  2885 | D:4      | Noticed Pargi
  2914 | D:4      | Killed Pargi
  2915 | D:4      | Reached skill level 1 in Spellcasting
  2915 | D:4      | Reached XP level 6. HP: 51/51 MP: 5/8
  2997 | D:4      | Noticed Eustachio
  3014 | D:4      | Killed Eustachio
  3172 | D:4      | Your scales start taking on a golden yellow colour.
  3172 | D:4      | Reached XP level 7. HP: 44/57 MP: 7/10
  3172 | D:4      | Gained mutation: You are resistant to acid. (rCorr) [Yellow
                  | Draconian growth]
  3217 | D:4      | Found a staircase to the Ecumenical Temple.
  3251 | D:4      | Noticed Edmund
  3270 | D:4      | Killed Edmund
  3271 | D:4      | Reached skill level 5 in Transmutations
  3640 | D:5      | Entered Level 5 of the Dungeon
  3696 | Temple   | Found a transporter.
  3696 | Temple   | Found a transporter.
  3696 | Temple   | Found a transporter.
  3696 | Temple   | Found a transporter.
  3696 | Temple   | Entered the Ecumenical Temple
  3711 | Temple   | Became a worshipper of the Shining One
  3792 | D:5      | Found Xiarocw's Assorted Antiques.
  3797 | D:5      | Bought a scroll labelled WISEATRACOE for 21 gold pieces
  4003 | D:5      | Noticed a yak
  4003 | D:5      | Noticed a yak
  4003 | D:5      | Noticed a yak
  4015 | D:5      | Noticed a yak
  4021 | D:5      | Noticed a yak
  4024 | D:5      | Killed a yak
  4025 | D:5      | Reached XP level 8. HP: 48/67 MP: 9/13
  4030 | D:5      | Reached skill level 5 in Fighting
  4075 | D:5      | Reached skill level 5 in Dodging
  4312 | D:5      | Reached skill level 1 in Polearms
  4448 | D:5      | Noticed Prince Ribbit
  4459 | D:5      | Killed Prince Ribbit
  5179 | D:6      | Reached XP level 9. HP: 43/74 MP: 8/14
  5198 | D:6      | Reached skill level 6 in Shapeshifting
  5201 | D:6      | HP: 3/74 [yak (12)]
  5203 | D:6      | Slain by a yak

Illustrated notes

Levels and vault maps discovered:
D:1:      dpeg_arrival_three_same_balls, layout_basic,
          hellmonk_ecumenical_altar_arch_garden
D:2:      minmay_wonky_spiral, layout_loops_cross, basic_altar,
          uniq_crazy_yiuf_cottage, uniq_terence
D:3:      layout_loops_ring, nicolae_elevator_lobby_plus
D:4:      layout_gridville, minmay_temple_entry_mist, portal_sewer_entry_e,
          hangedman_glass_teeth, uniq_edmund, uniq_eustachio, uniq_pargi
D:5:      layout_loops_cross, serial_shops, shop, uniq_prince_ribbit1
D:6:      layout_cave_pods
Temple:   hellmonk_temple_divided_pantheon

Skill      XL: |  1  2  3  4  5  6  7  8  9 |
---------------+----------------------------+-----
Fighting       | 2 3 4 5 |  5.0
Shapeshifting  | 4 5 6 |  6.0
Transmutations | 2 3 5 |  5.7
Spellcasting   | 1 2 3 |  3.5
Dodging        | 5 |  5.0
Polearms       | 3 4 |  4.0
Unarmed Combat | |  3.0

Action                     |  1- 3 |  4- 6 |  7- 9 || total
---------------------------+-------+-------+-------++-------
  Melee: Unarmed           |    48 |       |       ||    48
         Spear             |    47 |   140 |   154 ||   341
         Tailslap          |     7 |     8 |    22 ||    37
         Punch             |     2 |       |     5 ||     7
  Throw: Dart              |       |     3 |       ||     3
   Cast: Wereblood         |       |     1 |     2 ||     3
Ability: Breathe Acid      |       |       |     7 ||     7
    Use: Scroll            |       |     9 |     7 ||    16
         Potion            |       |     3 |     1 ||     4
   Stab: Sleeping          |       |     1 |       ||     1
 Armour: Skin              |    31 |    82 |    37 ||   150
  Dodge: Dodged            |    41 |    74 |    94 ||   209

Table legend: (Time is in decaauts)
 A = Elapsed time spent in this place.
 B = Non-inter-level travel time spent in this place.
 C = Inter-level travel time spent in this place.
 D = Time resting spent in this place.
 E = Time spent auto-exploring this place.
 F = Levels seen in this place.
 G = Mean time per level.
                   A        B        C        D        E       F      G
               +--------+--------+--------+--------+--------+-----+--------+
         Total |   5230 |   4780 |    450 |    636 |   3203 |   7 |  747.1 |
       Dungeon |   5203 |   4761 |    442 |    636 |   3203 |   6 |  867.2 |
        Temple |     26 |     19 |      7 |      0 |      0 |   1 |   26.0 |
               +--------+--------+--------+--------+--------+-----+--------+

Top non-repeatable levels by time:
     D:2: 1304 daAuts
     D:4: 991 daAuts
     D:5: 966 daAuts
     D:1: 812 daAuts
     D:3: 653 daAuts
     D:6: 475 daAuts
  Temple: 26 daAuts
